 Dungeon Crawl Stone Soup version 0.28-a0-1524-ge72afd5fc6 (webtiles) character file.

Game seed: 14102203475887651190

0 psuckher the Sneak (level 1, -2/18 HPs)
             Began as a Barachi Delver on Jan 17, 2022.
             Slain by a white imp (3 damage)
             ... on level 5 of the Dungeon.
             The game lasted 00:00:47 (158 turns).

psuckher the Sneak (Barachi Delver)                  Turns: 158, Time: 00:00:48

Health: -2/18      AC:  3    Str: 13    XL:     1   Next: 0%
Magic:  1/1        EV: 12    Int: 10    God:
Gold:   64         SH:  0    Dex: 13    Spells: 0/0 levels left

rFire   . . .      SeeInvis .   a - +0 falchion
rCold   . . .      Faith    .   (no shield)
rNeg    . . .      Spirit   .   b - +0 leather armour
rPois   .          Reflect  .   (no helmet)
rElec   .          Harm     .   (no cloak)
rCorr   .          Rampage  .   (no gloves)
Will    .....                   (no boots)
Stlth   ++........              (no amulet)
HPRegen 0.06/turn               (no ring)
MPRegen 0.07/turn               (no ring)

@: slow
A: amphibious, slowness 1, strong legs 1, +LOS
a: Hop


You were on level 5 of the Dungeon.
You visited 1 branch of the dungeon, and saw 1 of its levels.

You collected 64 gold pieces.

Inventory:

Hand Weapons
 a - a +0 falchion (weapon)
Armour
 b - a +0 leather armour (worn)
Wands
 g - a wand of digging (3)
Scrolls
 c - a scroll of fog
 d - a scroll of magic mapping
 e - a scroll of fear
 i - 2 scrolls of identify {unknown}
Potions
 f - a potion of haste


   Skills:
 + Level 3.6 Fighting
 + Level 2.4 Long Blades
 + Level 2.1 Dodging
 + Level 4.5 Stealth


You couldn't memorise any spells.
You didn't know any spells.
Your spell library was empty.

Dungeon Overview and Level Annotations

Branches:
Dungeon (5/15)
 Temple: D:4-7

Altars:


Innate Abilities, Weirdness & Mutations

You are amphibious.
You cover ground slowly.
You can hop short distances.
You have an extended range of vision and can be seen from far away.


Message History

There is an open door here.
You open the door. You open the door.
Found 13 gold pieces.
There is an open door here.
You now have 64 gold pieces (gained 13).
A white imp comes into view.
The white imp shouts, "Turn tail, thou peaked folly-fallen deadneck!"
The white imp hits the plant.
The plant begins to die.
The white imp freezes the plant.
The white imp hits the plant.
The white imp freezes the plant.
The white imp hits the plant.
The plant begins to die.
The white imp freezes the plant.
The white imp hits the plant.
The white imp freezes the plant.
A nearby plant withers and dies.
The white imp gestures at you. The puff of frost hits you!
Ouch! That really hurt!
A nearby plant withers and dies.
The white imp gestures at you. The puff of frost hits you.
* * * LOW HITPOINT WARNING * * *
The white imp gestures at you. The puff of frost misses you.
It was a potion of curing.
You feel better. The white imp misses you.
You hit the white imp but do no damage. The white imp closely misses you.
You hit the white imp.
The white imp is heavily wounded.
The white imp misses you.
You hit the white imp.
The white imp is almost dead.
The white imp gestures at you. The puff of frost hits you!
Ouch! That really hurt!
* * * LOW HITPOINT WARNING * * *
You barely miss the white imp. Your punch misses the white imp.
The white imp is almost dead.
The white imp hits you.
You die...

. ≈♣≈PP≈≈≈≈♣♣# .
PP≈≈P♣≈≈♣≈### #
#######♣♣≈≈≈≈≈≈P≈♣♣.# #
#.....♣♣≈≈P♣P≈≈♣P≈≈.#
####.....P≈≈≈≈≈≈≈♣≈P≈≈.##
...'.....P≈≈≈≈≈P≈≈≈≈♣≈...
####.....≈≈≈≈≈≈≈≈≈≈≈≈≈♣ #
#####♣≈≈≈≈≈≈≈≈5P≈≈♣≈# #
#≈≈P≈≈≈≈≈@≈≈≈≈♣≈# ######
#♣♣≈≈≈≈≈≈≈≈≈≈P≈P# ....<#
♣≈≈≈≈≈≈≈≈≈≈≈♣♣# .....#
♣≈≈≈≈≈≈≈≈≈≈P♣ .....#
♣≈≈≈≈≈≈≈≈≈≈≈≈≈♣ .....#
#P♣≈≈≈≈≈≈≈≈≈≈♣♣≈. .....#
#≈♣≈≈P≈≈≈≈≈≈≈P≈≈.. .....#
♣≈≈P≈≈≈≈≈≈≈≈♣≈.#. .....#
#P≈P≈≈≈≈≈≈≈≈♣♣.#


You could see a white imp.

Vanquished Creatures (others)
  3 plants (D:5)
3 creatures vanquished.

Notes
Turn   | Place    | Note
-------+----------+-------------------------------------------
     0 | D:5      | psuckher the Barachi Delver began the quest for the Orb.
     0 | D:5      | Reached XP level 1. HP: 18/18 MP: 1/1
   158 | D:5      | Slain by a white imp

Illustrated notes

Levels and vault maps discovered:
D:5:      nicolae_cairo_tiling_large, layout_basic, serial_bayou,
          serial_bayou_pond_c, serial_bayou_pond_a, serial_bayou_lake_a,
          serial_bayou_pond_d, serial_bayou_lagoon_a

Action                   || total
-------------------------++-------
Melee: Falchion          ||     4
  Use: Potion            ||     1
Dodge: Dodged            ||     4

Table legend: (Time is in decaauts)
 A = Elapsed time spent in this place.
 B = Non-inter-level travel time spent in this place.
 C = Inter-level travel time spent in this place.
 D = Time resting spent in this place.
 E = Time spent auto-exploring this place.
 F = Levels seen in this place.
 G = Mean time per level.
                   A        B        C        D        E       F      G
               +--------+--------+--------+--------+--------+-----+--------+
         Total |    185 |    185 |      0 |      0 |      0 |   1 |  185.0 |
       Dungeon |    185 |    185 |      0 |      0 |      0 |   1 |  185.0 |
               +--------+--------+--------+--------+--------+-----+--------+

Top non-repeatable levels by time:
     D:5: 185 daAuts
